 Dungeon Crawl Stone Soup version 0.26.1-11-gd32895ea62 (webtiles) character file.

Game seed: 18268667208404736702

327 Tirrikindir the Slasher (level 6, -1/43 HPs)
             Began as an Octopode Fighter on May 25, 2021.
             Killed from afar by an orc wizard (6 damage)
             ... with a magic dart
             ... on level 4 of the Dungeon.
             The game lasted 00:07:39 (3683 turns).

Tirrikindir the Slasher (Octopode Fighter)          Turns: 3683, Time: 00:07:39

Health: -1/43      AC:  1    Str: 17    XL:     6   Next: 50%
Magic:  6/6        EV: 12    Int: 10    God:
Gold:   170        SH:  9    Dex: 12    Spells: 5/5 levels left

rFire    . . .     SeeInvis .   a - +0 long sword
rCold    . . .     Faith    .   b - +0 kite shield
rNeg     . . .     Spirit   .   (helmet restricted)
rPois    .         Reflect  .   (no amulet)
rElec    .         Harm     .   (no ring)
rCorr    .         Rampage  .   (no ring)
Will     .....                  (no ring)
Stlth    +++.......             (no ring)
HPRegen  0.14/turn              (no ring)
MPRegen  0.10/turn              (no ring)
                                (no ring)
                                (no ring)

@: no status effects
A: almost no armour, stealthy swim, amphibious, 8 rings, constrict 8, camouflage
1, gelatinous body 1
a: no special abilities


You were on level 4 of the Dungeon.
You visited 1 branch of the dungeon, and saw 4 of its levels.

You collected 170 gold pieces.

Inventory:

Hand Weapons
 a - a +0 long sword (weapon)
 i - a +0 short sword
Missiles
 g - 19 poisoned darts (quivered)
Armour
 b - a +0 kite shield (worn)
Scrolls
 d - 2 scrolls of magic mapping
 k - 4 scrolls of remove curse
 n - a scroll of enchant weapon {unknown}
 q - a scroll of identify
Potions
 c - a potion of might
 e - a potion of brilliance
 f - a potion of berserk rage {unknown}
 h - a potion of curing {unknown}
 l - a potion of attraction {unknown}
 m - 2 potions of degeneration {unknown}
 o - a potion of flight {unknown}
 p - a potion of haste {unknown}


   Skills:
 - Level 4.0 Fighting
 * Level 4.1 Long Blades
 + Level 3.8 Dodging
 + Level 3.3 Stealth
 - Level 4.0 Shields


You had 5 spell levels left.
You didn't know any spells.
Your spell library was empty.

Dungeon Overview and Level Annotations

Branches:
Dungeon (4/15)
 Temple: D:4-7

Altars:
The Shining One

Annotations:
D:3 1 runed translucent door, Sopht's ghost, amateur HuFE


Innate Abilities, Weirdness & Mutations

You cannot wear most types of armour.
You are very stealthy in the water. (Stealth+)
You are amphibious.
You can wear up to eight rings at the same time.
You can use your tentacles to constrict eight enemies at once.
Your skin changes colour to match your surroundings (Stealth+).
Your rubbery body absorbs attacks. (AC +1, EV +1)


Message History

You see here a stone.
You feel sick.
A magic dart appears from out of thin air!
The magic dart hits you!
* * * LOW HITPOINT WARNING * * *
The orc throws a stone.
The stone barely misses you.
An orc wizard comes into view. It is wielding a +0 dagger.
You see here a stone.
Blink to where?
Press: ? - help, Dir - move target
As you read the scroll of blinking, it crumbles to dust.
* * * LOW HITPOINT WARNING * * *
You feel sick.
You are no longer poisoned.
You start resting.
There is a strange disturbance nearby!
There is a strange disturbance nearby!
A magic dart appears from out of thin air!
The magic dart hits you.
You die...

..## . .....####
.. ....{...#
###... #{# ......
#.# #.#.#. #.#
...... #.#
)#.#.#o# #@#
.....o... #.#
#.#.#.#.#.. #.#
......!....# #.#
.#.#.#.#.#.# .#.#
.o.........## .#.#
#.#.#.#.#.#.# .#o#
.o.........[##.#.#
.#.#.#.#o#.#.#.#.#


You could see an orc wizard.

Vanquished Creatures
  A gnoll shaman (D:3)
  Crazy Yiuf (D:2)
  A worker ant (D:4)
  Robin (D:4)
  3 gnolls (D:3)
  7 adders
  An ooze (D:4)
  A worm (D:2)
  A dart slug (D:2)
  7 leopard geckos
  7 orcs (D:3)
  11 bats
  5 giant cockroaches
  16 goblins
  16 hobgoblins
  10 jackals
  7 kobolds
  4 quokkas
  2 ball pythons (D:1)
  A ball python skeleton (D:4)
  3 frilled lizards
  A quokka skeleton (D:4)
  11 rats
118 creatures vanquished.

Vanquished Creatures (others)
  4 plants (D:2)
4 creatures vanquished.

Grand Total: 122 creatures vanquished

Notes
Turn   | Place    | Note
-------+----------+-------------------------------------------
     0 | D:1      | Tirrikindir the Octopode Fighter began the quest for the
                  | Orb.
     0 | D:1      | Reached XP level 1. HP: 16/16 MP: 1/1
    41 | D:1      | Reached XP level 2. HP: 18/21 MP: 2/2
    48 | D:1      | Reached skill level 1 in Stealth
   449 | D:1      | Reached XP level 3. HP: 23/26 MP: 3/3
   858 | D:2      | Reached XP level 4. HP: 27/31 MP: 4/4
   866 | D:2      | Found a glowing golden altar of the Shining One.
   912 | D:2      | Found a runed translucent door.
   915 | D:2      | Noticed Crazy Yiuf
   923 | D:2      | Killed Crazy Yiuf
  1885 | D:3      | Reached XP level 5. HP: 27/36 MP: 5/5
  2301 | D:3      | Reached XP level 6. HP: 27/43 MP: 6/6
  2824 | D:3      | Found a runed translucent door.
  2825 | D:3      | Noticed Sopht's ghost (amateur HuFE)
  3125 | D:4      | Noticed Robin
  3361 | D:4      | Killed Robin
  3647 | D:4      | HP: 1/43 [something/magic dart (7)]
  3683 | D:4      | Killed from afar by an orc wizard

Illustrated notes

Levels and vault maps discovered:
D:1:      roderic_dead_forest, layout_rooms, minivault_4
D:2:      layout_loops_ring, tso_oasis_becter, uniq_crazy_yiuf_cottage
D:3:      minmay_spotlight, layout_loops_cross, ebering_ghost_reflecting_pool
D:4:      layout_loops_ring, lemuel_doored_altar, hex_large, grunt_ministairs_1,
          uniq_robin

Skill      XL: |  1  2  3  4  5  6 |
---------------+-------------------+-----
Stealth        | 1 2 3 |  3.3
Long Blades    | 3 4 |  4.1
Shields        | 4 |  4.0
Fighting       | 4 |  4.0
Dodging        | |  3.8

Action                   |  1- 3 |  4- 6 || total
-------------------------+-------+-------++-------
Melee: Long sword        |    57 |   152 ||   209
       Constrict         |    18 |    53 ||    71
       Tentacles         |    10 |    34 ||    44
Throw: Dart              |       |     1 ||     1
  Use: Scroll            |     2 |     7 ||     9
 Stab: Sleeping          |     4 |    13 ||    17
       Distracted        |       |     1 ||     1
Armor: Skin              |     4 |     9 ||    13
Dodge: Dodged            |    30 |    85 ||   115
Block: Kite shield       |    29 |    63 ||    92
       Rpst.: Long sword |    11 |    29 ||    40
